 Dungeon Crawl Stone Soup version 0.30.1-4-g462c640d31 (webtiles) character file.

Game seed: 13395814340139857914

15 Bobit the Covert (level 2, -2/29 HPs)
             Began as a Gnoll Delver on Aug 13, 2023.
             Slain by an orc
             ... wielding a +0 falchion
              (4 damage)
             ... on level 3 of the Dungeon.
             The game lasted 00:00:43 (136 turns).

Bobit the Covert (Gnoll Delver)                      Turns: 136, Time: 00:00:43

Health: -2/29      AC:  3    Str: 11    XL:     2   Next: 50%
Magic:  2/2        EV: 13    Int:  9    God:
Gold:   0          SH:  0    Dex: 13    Spells: 2/2 levels left

rFire   . . .        a - +0 spear
rCold   . . .        (no shield)
rNeg    . . .        b - +0 leather armour
rPois   .            (no helmet)
rElec   .            (no cloak)
rCorr   .            (no gloves)
SInv    .            (no boots)
Will    .....        (no amulet)
Stlth   ++++         (no ring)
HPRegen 0.24/turn    (no ring)
MPRegen 0.08/turn

%: no passive effects
@: no status effects
A: fangs 1, strong nose, distributed training
a: no special abilities


You were on level 3 of the Dungeon.
You visited 1 branch of the dungeon, and saw 3 of its levels.

Inventory:

Hand Weapons
 a - a +0 spear (weapon)
Armour
 b - a +0 leather armour (worn)
Wands
 g - a wand of digging (3)
Scrolls
 c - a scroll of fog
 d - a scroll of magic mapping
 e - a scroll of fear
 h - a scroll of teleportation {unknown}
Potions
 f - a potion of haste


   Skills:
 + Level 6.5 Fighting
 + Level 0.5 Short Blades
 + Level 0.5 Long Blades
 + Level 0.5 Axes
 + Level 0.5 Maces & Flails
 + Level 4.5 Polearms
 + Level 0.5 Staves
 + Level 0.5 Ranged Weapons
 + Level 0.5 Throwing
 + Level 0.5 Armour
 + Level 4.5 Dodging
 + Level 9.5 Stealth
 + Level 0.5 Shields
 + Level 0.5 Unarmed Combat
 + Level 0.5 Spellcasting
 + Level 0.3 Conjurations
 + Level 0.3 Hexes
 + Level 0.3 Summonings
 + Level 0.3 Necromancy
 + Level 0.3 Translocations
 + Level 0.3 Transmutations
 + Level 0.3 Fire Magic
 + Level 0.3 Ice Magic
 + Level 0.3 Air Magic
 + Level 0.3 Earth Magic
 + Level 0.3 Poison Magic
 + Level 0.6 Invocations
 + Level 0.5 Evocations


You had 2 spell levels left.
You didn't know any spells.
Your spell library contained the following spells:

 Spells                   Type           Power      Damage    Failure   Level
 Cause Fear               Hex            0%         N/A       99%         4
 Dragon Form              Tmut           0%         N/A       100%        7
 Dragon's Call            Summ           0%         N/A       100%        9


Dungeon Overview and Level Annotations

Branches:
Dungeon (5/15)
 Temple: D:4-7

Altars:


Innate Abilities, Weirdness & Mutations

You have very sharp teeth.
Your uncanny sense of smell can sniff out nearby items.
Your experience applies equally to all skills.


Message History

You kill the goblin!
The orc barely misses you.
You hit the orc.
You kill the orc!
The orc hits you with a +0 club.
You hit the orc.
The orc is heavily wounded.
The orc barely misses you. The orc closely misses you.
You barely miss the orc.
The orc is heavily wounded.
The orc hits you with a +0 club.
* * * LOW HITPOINT WARNING * * *
The orc hits you but does no damage.
You hit the orc.
You kill the orc!
The orc hits you but does no damage.
You hit the jackal.
You kill the jackal!
The orc barely misses you. x2
Items here: ))) ††.
You closely miss the orc.
The orc is heavily wounded.
The orc hits you with a +0 falchion.
* * * LOW HITPOINT WARNING * * *
The orc hits you with a +0 club.
* * * LOW HITPOINT WARNING * * *
The jackal completely misses you. The orc hits you with a +0 club.
* * * LOW HITPOINT WARNING * * *
The jackal barks!
You hit the orc but do no damage.
The orc is heavily wounded.
The orc hits you with a +0 falchion.
* * * LOW HITPOINT WARNING * * *
The orc closely misses you. The orc attacks as you move away!
The orc barely misses you.
You closely miss the orc.
The orc is heavily wounded.
The orc hits you with a +0 falchion.
You die...

♣♣♣)♣ .# ♣..♣♣ #####+##.#
♣.♣♣ #........# ..♣
#........# .♣♣ #.......##
.♣♣♣ #........# ...♣♣♣♣
#........## ♣.♣.♣.♣♣
######hh.(.....###
♣♣♣♣...♣♣
##...@oo.).........
♣♣♣..♣###..########.#######
♣♣.♣#...## ##.# ♣....###
#.o# ♣♣♣### #.o#∆ #.o#
#..#∆ ##.# #.#


You could see 2 orcs and 2 jackals.

Vanquished Creatures
  3 orcs (D:3)
  A bat (D:3)
  2 endoplasms (D:3)
  A jackal (D:3)
  3 goblins (D:3)
10 creatures vanquished.

Notes
Turn   | Place    | Note
-------+----------+-------------------------------------------
     0 | D:5      | Reached skill level 9 in Stealth
     0 | D:5      | Bobit the Gnoll Delver began the quest for the Orb.
     0 | D:5      | Reached XP level 1. HP: 23/23 MP: 1/1
    95 | D:3      | Reached XP level 2. HP: 24/29 MP: 2/2
   136 | D:3      | Slain by an orc

Illustrated notes

Levels and vault maps discovered:
D:3:      kb_forest_paths, layout_basic, portal_sewer_entry_e,
          hellmonk_ecumenical_altar_inner_sanctum
D:4:      minmay_opposing_rooms, layout_basic, guppyfry_early_orc_mine
D:5:      layout_cave_pods, minitemple, serial_shops, shop_fountains, shop,
          nicolae_shop_getting_attention, shop, minivault_24,
          uniq_crazy_yiuf_cottage

Skill      XL: | |
---------------+-+-----
Stealth        | |  9.5
Fighting       | |  6.5
Short Blades   | |  0.5
Long Blades    | |  0.5
Axes           | |  0.5
Maces & Flails | |  0.5
Polearms       | |  4.5
Staves         | |  0.5
Ranged Weapons | |  0.5
Throwing       | |  0.5
Armour         | |  0.5
Dodging        | |  4.5
Shields        | |  0.5
Unarmed Combat | |  0.5
Spellcasting   | |  0.5
Conjurations   | |  0.3
Hexes          | |  0.3
Summonings     | |  0.3
Necromancy     | |  0.3
Translocations | |  0.3
Transmutations | |  0.3
Fire Magic     | |  0.3
Ice Magic      | |  0.3
Air Magic      | |  0.3
Earth Magic    | |  0.3
Poison Magic   | |  0.3
Invocations    | |  0.6
Evocations     | |  0.5

Action                     || total
---------------------------++-------
  Melee: Spear             ||    39
         Bite              ||     4
   Stab: Sleeping          ||     2
 Armour: Leather armour    ||    10
  Dodge: Dodged            ||    39
